 Dungeon Crawl Stone Soup version 0.27.1-33-g824d729ab1 (webtiles) character file.

Game seed: 6444619550340348266

2274 Destapler the Blocker (level 9, -11/81 HPs)
             Began as a Minotaur Fighter on Dec 6, 2021.
             Was an Elder of Okawaru.
             Mangled by Harold (23 damage)
             ... on level 7 of the Dungeon.
             The game lasted 00:07:30 (5520 turns).

Destapler the Blocker (Minotaur Fighter)            Turns: 5520, Time: 00:07:30

Health: -11/81     AC:  0    Str: 25    XL:     9   Next: 16%
Magic:  8/8        EV: 13    Int:  5    God:    Okawaru [****..]
Gold:   334        SH:  0    Dex:  9    Spells: 8/8 levels left

rFire    . . .     SeeInvis .   (weapon currently unavailable)
rCold    . . .     Faith    .   (shield currently unavailable)
rNeg     . . .     Spirit   .   (armour currently unavailable)
rPois    .         Reflect  .   (helmet currently unavailable)
rElec    .         Harm     .   (cloak currently unavailable)
rCorr    .         Rampage  .   (gloves currently unavailable)
Will     .....                  (boots currently unavailable)
Stlth    +.........             l - amulet of regeneration
HPRegen  1.23/turn              (ring currently unavailable)
MPRegen  0.11/turn              (ring currently unavailable)

@: pig-form (expiring), marked, very quick
A: fast, no casting, small, (horns 2), (retaliatory headbutt)
a: Renounce Religion, Heroism


You were on level 7 of the Dungeon.
You worshipped Okawaru.
Okawaru was greatly pleased with you.
You were a filthy swine.
You visited 1 branch of the dungeon, and saw 7 of its levels.

You collected 334 gold pieces.

Inventory:

Hand Weapons
 a - a +0 long sword
 p - a +1 short sword of electrocution (melded)
Missiles
 k - 2 atropa-tipped darts (quivered)
 s - a throwing net
 u - 19 poisoned darts
Armour
 b - a +0 scale mail (melded)
 c - a +0 kite shield (melded)
 o - a +0 pair of gloves (melded)
Jewellery
 l - an amulet of regeneration (around neck)
 q - a ring of ice
Wands
 v - a wand of iceblast (6)
 y - a wand of charming (9)
 z - a wand of digging (3)
 C - a wand of acid (9)
Scrolls
 g - 6 scrolls of identify {unknown}
 h - a scroll of magic mapping {unknown}
 j - 3 scrolls of blinking {unknown}
 m - 3 scrolls of teleportation {unknown}
 n - 2 scrolls of immolation {unknown}
 r - a scroll of silence {unknown}
 t - 2 scrolls of noise {unknown}
 w - 3 scrolls of enchant weapon {unknown}
 A - 4 scrolls of summoning {unknown}
Potions
 d - a potion of might
 e - 2 potions of berserk rage {unknown}
 f - a potion of degeneration {unknown}
 i - 2 potions of cancellation {unknown}
 x - a potion of flight {unknown}
 B - a potion of haste {unknown}


   Skills:
 + Level 8.2 Fighting
 - Level 2.4 Long Blades
 + Level 8.2 Armour
 * Level 10.9 Shields


You had 8 spell levels left.
You didn't know any spells.
Your spell library was empty.

Dungeon Overview and Level Annotations

Branches:
Dungeon (7/15)             Temple (0/1) D:7

Altars:
Elyvilon
Fedhas
Hepliaklqana
Kikubaaqudgha
Okawaru
Sif Muna
Yredelemnul
Zin
The Shining One

Annotations:
D:7 Harold


Innate Abilities, Weirdness & Mutations

You are a filthy swine.
You move quickly.
Your equipment is almost entirely melded.
You are incapable of wielding weapons or throwing items.
You cannot cast spells.
((You have a pair of horns on your head.))
((You reflexively headbutt those who attack you in melee.))


Message History

Harold hits you with a +0 halberd!
You closely miss Harold. You hit Harold.
Harold is lightly wounded.
Harold hits you with a +0 halberd!!
* * * LOW HITPOINT WARNING * * *
You barely miss Harold.
Harold is lightly wounded.
Harold hits you with a +0 halberd!
* * * LOW HITPOINT WARNING * * *
You hit Harold.
Harold is lightly wounded.
Harold closely misses you.
A phantom comes into view.
The orc hits you with a +0 club.
* * * LOW HITPOINT WARNING * * *
You barely miss Harold.
Harold is lightly wounded.
Harold misses you. The orc closely misses you.
You hit Harold but do no damage.
Harold is lightly wounded.
Harold says happily, "The price on your head will fill my nest egg nicely!"
Harold gestures at you while chanting. A sentinel's mark forms upon you.
You hit Harold but do no damage.
Harold is lightly wounded.
The orc closely misses you. The necrophage misses you.
You barely miss Harold.
Harold is lightly wounded.
Harold hits you with a +0 halberd!
* * * LOW HITPOINT WARNING * * *
The orc barely misses you. The necrophage barely misses you.
You barely miss Harold.
Harold is lightly wounded.
Harold says, "My wife will appreciate not having to wash blood out of my clothes anymore."
Harold closely misses you. The orc barely misses you.
The necrophage barely misses you.
Your transformation is almost over.
Harold hits you with a +0 halberd!!
You die...

..## ###..##....#..
#...#####...#...##..(#
#........#...###..###
#..........### #.##
####........### #.#
............##### #.####
......o.........###...##
....W.@.n...###..>^.....
#(#....h....# ###.......
##..........###.......
##.....###.##........
#####.##.....#......
..............##
#.<..........####
!.............
.........###. ##########
..


You could see Harold, a phantom, a necrophage and an orc.

Vanquished Creatures
  Eustachio (D:5)
  A hornet zombie (D:7)
  A sky beast (D:6)
  A black bear (D:4)
  5 ogres
  A phantom (D:6)
  2 bullfrogs
  3 scorpions
  2 water moccasin skeletons (D:5)
  A vampire bat (D:4)
  A wight (D:6)
  A howler monkey (D:4)
  2 bullfrog zombies (D:6)
  A jelly (D:6)
  2 centaur skeletons
  5 hounds
  2 orc priests (D:5)
  A gnoll shaman (D:7)
  An iguana (D:6)
  4 orc wizards
  2 hound skeletons (D:4)
  A howler monkey zombie (D:6)
  2 howler monkey skeletons
  4 adders
  4 gnolls (D:7)
  2 white imps (D:6)
  An adder skeleton (D:4)
  2 dart slugs
  3 fire bats (D:4)
  2 worms (D:2)
  14 orcs
  2 spectral bats (D:4)
  8 ball pythons
  3 bat skeletons (D:4)
  A bat zombie (D:4)
  7 endoplasms
  A giant cockroach (D:1)
  4 goblins
  A hobgoblin (D:4)
  6 kobolds
  5 quokkas
  14 bats
  A bat simulacrum (D:4)
  2 frilled lizards
  23 rats
153 creatures vanquished.

Vanquished Creatures (others)
  A human (D:5)
1 creature vanquished.

Grand Total: 154 creatures vanquished

Notes
Turn   | Place    | Note
-------+----------+-------------------------------------------
     0 | D:1      | Destapler the Minotaur Fighter began the quest for the Orb.
     0 | D:1      | Reached XP level 1. HP: 19/19 MP: 0/0
   160 | D:1      | Reached skill level 4 in Shields
   245 | D:1      | Reached XP level 2. HP: 27/27 MP: 1/1
   264 | D:1      | Found a faded altar of an unknown god.
   275 | D:1      | Became a worshipper of Warmaster Okawaru
   275 | D:1      | Reached * piety under Okawaru
   909 | D:2      | Reached XP level 3. HP: 24/33 MP: 2/2
  1958 | D:3      | Reached XP level 4. HP: 41/41 MP: 3/3
  2078 | D:3      | Reached skill level 5 in Shields
  2514 | D:4      | Noticed a scorpion
  2523 | D:4      | Killed a scorpion
  2523 | D:4      | Reached ** piety under Okawaru
  2524 | D:4      | Reached XP level 5. HP: 22/47 MP: 4/4
  2705 | D:4      | Found a shimmering blue altar of Sif Muna.
  2741 | D:4      | Reached skill level 6 in Shields
  2757 | D:4      | Reached skill level 5 in Fighting
  2757 | D:4      | Reached skill level 5 in Armour
  2789 | D:4      | Reached XP level 6. HP: 56/56 MP: 5/5
  2845 | D:4      | Reached skill level 7 in Shields
  2980 | D:4      | Reached *** piety under Okawaru
  2981 | D:4      | Reached XP level 7. HP: 47/62 MP: 6/6
  3418 | D:5      | Entered Level 5 of the Dungeon
  3472 | D:5      | Reached skill level 8 in Shields
  3504 | D:5      | Found a glowing silver altar of Zin.
  3566 | D:5      | Found an ancient bone altar of Kikubaaqudgha.
  3567 | D:5      | Noticed a human
  3569 | D:5      | Killed a human
  3675 | D:5      | Reached XP level 8. HP: 70/71 MP: 7/7
  3804 | D:5      | Found a basalt altar of Yredelemnul.
  3806 | D:5      | Noticed a profane servitor
  3814 | D:5      | Found a glowing golden altar of the Shining One.
  3816 | D:5      | Noticed an angel
  3883 | D:5      | Reached **** piety under Okawaru
  3913 | D:5      | Reached skill level 9 in Shields
  3933 | D:5      | Noticed Eustachio
  3952 | D:5      | Killed Eustachio
  4368 | D:6      | Reached skill level 10 in Shields
  4493 | D:6      | Found a white marble altar of Elyvilon.
  4681 | D:6      | Reached XP level 9. HP: 81/81 MP: 8/8
  5053 | D:6      | Found a hazy altar of Hepliaklqana.
  5212 | D:6      | Found a blossoming altar of Fedhas.
  5395 | D:7      | Found a staircase to the Ecumenical Temple.
  5502 | D:7      | Noticed Harold
  5520 | D:7      | Mangled by Harold

Illustrated notes

Levels and vault maps discovered:
D:1:      tarquinn_simple_flora_water_a, layout_basic,
          shapermc_ecumenical_altar_mp_highgroup
D:2:      layout_loops_ring, minmay_rat_hole
D:3:      layout_loops_ring
D:4:      layout_loops_ring, nicolae_sif_muna_condensation, goddamned_bats
D:5:      layout_basic, grunt_temple_overflow_holy_war, tgw_kikubaaqudgha,
          zin_statuary, chequers_serial_rivers_large_b, uniq_eustachio
D:6:      minmay_diamond_boxcup, layout_layer_cave, kennysheep_mini_moat,
          kennysheep_mini, mainiacjoe_overflow_small_starburst
D:7:      layout_rooms, overflow_temple_1_default, minmay_temple_entry_mist,
          serial_shops, shop, lemuel_another_geyser, uniq_maggie, uniq_harold

Skill      XL: |  1  2  3  4  5  6  7  8  9 |
---------------+----------------------------+-----
Shields        | 4 5 6 7 8 10 | 10.9
Fighting       | 4 5 6 7 8 |  8.2
Armour         | 4 5 6 7 8 |  8.2
Long Blades    | |  2.4

Action                   |  1- 3 |  4- 6 |  7- 9 || total
-------------------------+-------+-------+-------++-------
Melee: Long sword        |   110 |     6 |       ||   116
       Headbutt          |    11 |    18 |    38 ||    67
       Short sword       |       |    84 |   230 ||   314
       Unarmed           |       |       |     9 ||     9
Throw: Dart              |       |     2 |       ||     2
Armor: Scale mail        |    52 |    36 |   139 ||   227
Dodge: Dodged            |    36 |    14 |    92 ||   142
Block: Kite shield       |    57 |    44 |   152 ||   253
       Rpst.: Long sword |     5 |     1 |       ||     6
